 Dungeon Crawl Stone Soup version 0.30-a0-802-gb92711bcdf (webtiles) character file.

Game seed: 1198106905517114193

61134 Dittersdorf the Blocker (level 15, -1/101 HPs)
             Began as a Gargoyle Fighter on Feb 24, 2023.
             Was a High Priest of Okawaru.
             Slain by Saint Roka
             ... wielding a +0 great sword
              (13 damage)
             ... on level 2 of the Orcish Mines.
             The game lasted 00:38:25 (24523 turns).

Dittersdorf the Blocker (Gargoyle Fighter)         Turns: 24523, Time: 00:38:25

Health: -1/101     AC: 39    Str: 26    XL:     15   Next: 1%
Magic:  24/24      EV:  6    Int: 11    God:    Okawaru [*****.]
Gold:   1788       SH: 18    Dex: 11    Spells: 12/14 levels left

rFire   + . .      SeeInvis +    C - +0 morningstar (flame)
rCold   + . .      Faith    .    J - +0 tower shield
rNeg    + + +      Spirit   .    e - +6 plate armour of Lirao {rN+ Int+3}
rPois   ∞          Reflect  .    t - +0 hat {Will+}
rElec   +          Harm     .    f - scarf {shadows}
rCorr   +          Rampage  .    s - +2 pair of gloves
Will    +++..                    N - +0 pair of boots Stlth
                                 a - amulet of the acrobat
HPRegen 0.36/turn                h - ring of Ruvuecw {rElec rN+ MP+9 SInv Stlth-}
MPRegen 0.19/turn                F - ring of willpower

@: resistant, flying, studying Axes, invisible
A: sickness immunity, AC +11, big wings, negative energy resistance 1,
electricity resistance, torment resistance 1, petrification resistance
a: Renounce Religion, Heroism, Finesse, Duel


You were on level 2 of the Orcish Mines.
You worshipped Okawaru.
Okawaru was extremely pleased with you.
You visited 3 branches of the dungeon, and saw 18 of its levels.
You also visited: Ossuary and Ice Cave.

You collected 1788 gold pieces.

Inventory:

Hand Weapons
 C - a +0 morningstar of flaming (weapon)
Missiles
 I - 2 curare-tipped darts (quivered)
Armour
 e - the +6 plate armour of Lirao (worn) {rN+ Int+3}
   (Okawaru gifted it to you on level 2 of the Orcish Mines)

   Int:       It affects your intelligence (+3).
   rN:        It protects you from negative energy.
 f - a scarf of shadows (worn)
 s - a +2 pair of gloves (worn)
 t - a +0 hat of willpower (worn)
 J - a +0 tower shield (worn)
 N - a +0 pair of boots (worn)
Jewellery
 a - an amulet of the acrobat (around neck)
 h - the ring of Ruvuecw (left hand) {rElec rN+ MP+9 SInv Stlth-}
   (You found it on level 5 of the Lair of Beasts)

   [ring of magical power]

   rElec:     It insulates you from electricity.
   rN:        It protects you from negative energy.
   MP:        It affects your magic capacity (+9).
   SInv:      It lets you see invisible.
   Stlth:     It makes you less stealthy.
 y - a ring of positive energy
 F - a ring of willpower (right hand)
 G - a ring of ice
 M - the ring "Xoczusos" {Fire rN++ Will+ Str-4 Stlth+}
   (You found it on level 3 of the Lair of Beasts)

   [ring of fire]

   It enhances your fire magic.
   Str:       It affects your strength (-4).
   rF:        It protects you from fire.
   rC:        It makes you vulnerable to cold.
   rN:        It greatly protects you from negative energy.
   Will:      It increases your willpower.
   Stlth:     It makes you more stealthy.
Wands
 b - a wand of iceblast (9)
 c - a wand of quicksilver (6)
 q - a wand of paralysis (17)
 H - a wand of flame (29)
Scrolls
 g - 4 scrolls of magic mapping {unknown}
 i - 6 scrolls of noise {unknown}
 j - 9 scrolls of teleportation
 m - 6 scrolls of poison {unknown}
 n - 2 scrolls of brand weapon
 p - 2 scrolls of fog
 r - a scroll of enchant armour
 u - 4 scrolls of immolation {unknown}
 x - 2 scrolls of enchant weapon
 D - 2 scrolls of blinking
 E - 4 scrolls of fear
Potions
 d - 2 potions of might
 k - 4 potions of mutation
 o - 5 potions of haste
 v - 3 potions of brilliance
 A - 3 potions of berserk rage
 B - 6 potions of cancellation


   Skills:
 + Level 14.6 Fighting
 + Level 13.3 Maces & Flails
 + Level 14.6 Armour
 + Level 14.7 Shields


You had 12 spell levels left.
You knew the following spells:

 Your Spells              Type           Power      Damage    Failure   Level
a - Passwall              Tmut/Erth      0%         N/A       100%        2

Your spell library contained the following spells:

 Spells                   Type           Power      Damage    Failure   Level
 Beastly Appendage        Tmut           0%         N/A       100%        1
 Magic Dart               Conj           0%         1d3       100%        1
 Shock                    Conj/Air       0%         1d3       100%        1
 Ensorcelled Hibernation  Hex/Ice        0%         N/A       100%        2
 Searing Ray              Conj           0%         2d4       100%        2
 Wereblood                Tmut           0%         N/A       100%        2
 Spider Form              Tmut/Pois      0%         N/A       100%        3
 Swiftness                Air            0%         N/A       100%        3
 Airstrike                Air            0%         2d(0-16)  100%        4
 Anguish                  Hex/Necr       0%         N/A       100%        4
 Fulminant Prism          Conj/Hex       0%         3d5       100%        4
 Olgreb's Toxic Radiance  Pois           0%         N/A       100%        4
 Freezing Cloud           Conj/Ice/Air   0%         6-21      100%        5
 Ozocubu's Refrigeration  Ice            0%         4d7       100%        7
 Ignition                 Fire           0%         3d3       100%        8
 Polar Vortex             Ice            0%         N/A       100%        9
 Simulacrum               Ice/Necr       Unusable   N/A       N/A         6

Dungeon Overview and Level Annotations

Branches:
Dungeon (11/15)            Temple (0/1) D:5            Lair (5/5) D:11
 Shoals (0/4) Lair:3       Spider (0/4) Lair:2        Slime (0/5) Lair:5
    Orc (2/2) D:11            Elf (0/3) Orc:2       Ossuary (visited)
  IceCv (visited)

Altars:
Ashenzari
Dithmenos
Elyvilon
Hepliaklqana
Makhleb
Nemelex Xobeh
Okawaru
Qazlal
Sif Muna
Trog
Uskayaw
Vehumet
Wu Jian
Jiyva

Shops:
D:1 (   Orc:2 [

Annotations:
Orc:2 Saint Roka


Innate Abilities, Weirdness & Mutations

You are immune to sickness and miasma.
Your stone body is resilient. (AC +11)
You are immune to poison.
Your large and strong wings let you fly.
You resist negative energy. (rN+)
You are resistant to electric shocks. (rElec)
You are resistant to unholy torment.
You are immune to petrification.


Message History

You hit Saint Roka but do no damage.
Saint Roka is lightly wounded.
You block the orc priest's attack. Saint Roka hits you but does no damage.
You block the orc's attack.
You impale Saint Roka!! You burn Saint Roka.
Saint Roka is moderately wounded.
The orc priest no longer looks unusually strong.
You block the orc priest's attack.
Saint Roka mumbles some strange prayers to Beogh against you.
Beogh smites you! You block the orc's attack.
You are too injured to fight recklessly!
You are too injured to fight recklessly!
You are too injured to fight recklessly!
You are too injured to fight recklessly!
You are too injured to fight recklessly!
You are too injured to fight recklessly!
You are too injured to fight recklessly!
You are too injured to fight recklessly!
You are too injured to fight recklessly!
You are too injured to fight recklessly!
You are too injured to fight recklessly!
You are too injured to fight recklessly!
You are too injured to fight recklessly!
You fail to use your ability.
The orc no longer looks unusually strong.
You block the orc priest's attack.
Saint Roka calls down the wrath of Beogh upon you.
Beogh smites you!
* * * LOW HITPOINT WARNING * * *
You block the orc's attack.
You fade into invisibility!
The orc priest barely misses you.
Saint Roka calls down the wrath of Beogh upon you.
Beogh smites you!
* * * LOW HITPOINT WARNING * * *
You block the orc's attack.
You feel protected. You block the orc priest's attack.
Saint Roka hits you with a +0 great sword!
You die...

#....###[......##
##....#[8.8.....#
###...[.(......#
##.[.##[['##...##
#..###.....###..#
#[## #8)..8# ##.#
#)## ##...## ##.#
#)#...#...#...#.#
#)#...'.@o'...#.#
#.#...#.oo#...#.#
#o#####.8.#####.#
#.# #...# #.# #.#
'...' #.# #.#
.#...#. #.# #.##
##...## ##.# #..#
#..# ##.## ##.##


You could see Saint Roka (unable to see you), an orc priest (unable to see you)
and an orc (unable to see you).

Vanquished Creatures
  An orc warlord (Orc:1)
  An ettin (Orc:2)
  The ghost of necrobotica the Protected, a journeyman MiFi of Okawaru (D:9)
  A hydra (Lair:4)
  5 boulder beetles
  4 catoblepae
  5 death yaks (Lair:5)
  4 two-headed ogres
  3 orc high priests (Orc:2)
  A skyshark (Lair:2)
  4 spriggans
  A lindwurm (Lair:3)
  3 orc knights
  A wolf spider (Lair:3)
  An orc sorcerer (Orc:2)
  2 ugly things (IceCv)
  2 manticores (Lair:5)
  2 cyclopes (D:11)
  9 elephants
  A gargoyle (D:10)
  2 ice statues (IceCv)
  3 black mambas
  9 cane toads
  An unseen horror (D:10)
  A rime drake (Lair:5)
  5 komodo dragons
  2 trolls
  4 polar bears
  3 tarantellas (Lair:3)
  9 dream sheep (Lair:5)
  2 hornets
  20 blink frogs
  Eustachio (D:5)
  62 yaks
  6 wyverns
  2 shadows
  A vampire (D:11)
  2 basilisks
  A death yak simulacrum (IceCv)
  A redback (Lair:3)
  3 steam dragons
  2 vampire mosquitoes (D:8)
  7 wargs
  7 water moccasins
  34 orc warriors
  3 ice beasts
  A sky beast (D:6)
  5 black bears
  4 centaurs
  5 ogres
  9 bullfrogs
  3 gnoll sergeants
  11 scorpions
  10 wights
  2 two-headed ogre simulacra (Orc:1)
  9 killer bees
  A vampire bat (Lair:1)
  3 howler monkeys
  2 lava snakes (Lair:3)
  4 centaur zombies (Ossuary)
  A jelly (D:7)
  A human zombie (Ossuary)
  28 orc priests
  3 iron imps (D:5)
  2 iguanas
  21 orc wizards
  A troll simulacrum (Orc:1)
  4 hell rats (Lair:2)
  4 polar bear simulacra
  2 scorpion zombies (Ossuary)
  2 spriggan simulacra (Orc:1)
  2 wolf simulacra (IceCv)
  4 mummies
  10 adders
  25 gnolls
  A naga simulacrum (Orc:1)
  An ufetubus (D:7)
  2 worms (D:2)
  2 dart slugs (D:1)
  84 orcs
  12 ball pythons
  4 endoplasms
  8 giant cockroaches
  A gnoll zombie (Ossuary)
  8 goblins
  4 hobgoblins
  7 jackals
  3 kobolds
  7 quokkas
  16 bats
  4 frilled lizards
  A goblin zombie (Ossuary)
  3 hobgoblin zombies (Ossuary)
  A kobold zombie (Ossuary)
  5 rats (D:1)
598 creatures vanquished.

Vanquished Creatures (others)
  A death yak (Lair:5)
  39 fungi
  54 plants
94 creatures vanquished.

Grand Total: 692 creatures vanquished

Notes
Turn   | Place    | Note
-------+----------+-------------------------------------------
     0 | D:1      | Dittersdorf the Gargoyle Fighter began the quest for the
                  | Orb.
     0 | D:1      | Reached XP level 1. HP: 14/14 MP: 1/1
    94 | D:1      | Reached XP level 2. HP: 5/19 MP: 2/2
   410 | D:1      | Reached XP level 3. HP: 18/24 MP: 3/3
   561 | D:1      | Found Esauxoaf's Weapon Shop.
   781 | D:1      | Found a faded altar of an unknown god.
  1216 | D:2      | You fall into a shaft and drop 1 floor!
  1217 | D:3      | yay!
  1250 | D:2      | Reached XP level 4. HP: 26/29 MP: 4/4
  2019 | D:2      | Reached XP level 5. HP: 33/33 MP: 5/5
  2131 | D:2      | Learned a level 2 spell: Passwall
  2275 | D:3      | Found an iron altar of Okawaru.
  2306 | D:3      | Became a worshipper of Warmaster Okawaru
  2932 | D:4      | Found a sand-covered staircase.
  2943 | Ossuary  | Entered an ossuary
  2985 | Ossuary  | Reached XP level 6. HP: 35/39 MP: 6/6
  3082 | Ossuary  | Reached * piety under Okawaru
  3134 | Ossuary  | Reached skill level 5 in Fighting
  3141 | Ossuary  | Reached skill level 5 in Shields
  3142 | Ossuary  | Reached skill level 5 in Armour
  3142 | Ossuary  | Reached XP level 7. HP: 34/44 MP: 7/7
  3579 | D:4      | Reached ** piety under Okawaru
  3580 | D:4      | Reached XP level 8. HP: 47/51 MP: 8/8
  4131 | D:5      | Entered Level 5 of the Dungeon
  4379 | D:5      | Found a stormy altar of Qazlal.
  4413 | D:5      | Found a burning altar of Makhleb.
  4450 | D:5      | Reached skill level 5 in Maces & Flails
  4707 | D:5      | Found a staircase to the Ecumenical Temple.
  4940 | D:5      | Noticed a +0 dagger
  4941 | D:5      | Found a hide-covered altar of Uskayaw.
  4941 | D:5      | Noticed a +0 dagger
  4990 | D:6      | Noticed Eustachio
  5164 | D:5      | Killed Eustachio
  5315 | D:6      | Found a shadowy altar of Dithmenos.
  5522 | D:5      | Reached XP level 9. HP: 19/56 MP: 9/9
  5673 | D:5      | Reached *** piety under Okawaru
  6807 | D:7      | Found a radiant altar of Vehumet.
  6875 | D:7      | Reached **** piety under Okawaru
  6924 | D:7      | Found an ornate altar of the Wu Jian Council.
  7382 | D:8      | Found a hazy altar of Hepliaklqana.
  7383 | D:8      | Found a bloodstained altar of Trog.
  7713 | D:8      | Reached XP level 10. HP: 53/64 MP: 10/10
  8111 | D:8      | Reached ***** piety under Okawaru
  8195 | D:8      | Found a broken altar of Ashenzari.
  8940 | D:9      | Noticed a two-headed ogre
  8948 | D:9      | Killed a two-headed ogre
  9139 | D:9      | Found a shimmering blue altar of Sif Muna.
 10048 | D:10     | Entered Level 10 of the Dungeon
 10048 | D:10     | Noticed a two-headed ogre
 10058 | D:10     | Killed a two-headed ogre
 10059 | D:10     | Reached XP level 11. HP: 60/72 MP: 3/11
 10174 | D:10     | Received a gift from Okawaru
 10330 | D:10     | Reached skill level 10 in Fighting
 10330 | D:10     | Reached skill level 10 in Shields
 10413 | D:10     | Reached skill level 10 in Armour
 10486 | D:10     | Identified the +6 trident "Luc Qyg" {pain, Dex+6}
 10489 | D:10     | Found a runed translucent door.
 10489 | D:10     | Noticed necrobotica's ghost (journeyman MiFi)
 10492 | D:10     | Noticed a spriggan rider
 10528 | D:10     | Identified the +0 robe "Roulib" {Harm rC+ Dex+3} (Okawaru
                  | gifted it to you on level 10 of the Dungeon)
 10528 | D:10     | Received a gift from Okawaru
 10931 | D:10     | Noticed a two-headed ogre
 10942 | D:10     | Killed a two-headed ogre
 11037 | D:10     | Found a sparkling altar of Nemelex Xobeh.
 11107 | D:10     | Found a white marble altar of Elyvilon.
 11271 | D:11     | Noticed a cyclops
 11866 | D:11     | Noticed a cyclops
 11877 | D:11     | Killed a cyclops
 12153 | D:11     | Found a staircase to the Orcish Mines.
 12167 | D:11     | Reached XP level 12. HP: 71/79 MP: 12/12
 12506 | D:10     | Reached skill level 10 in Maces & Flails
 12569 | D:11     | Found a shadowy altar of Dithmenos.
 12907 | D:11     | Found a staircase to the Lair.
 13169 | Lair:1   | Entered Level 1 of the Lair of Beasts
 13427 | Lair:1   | Identified the +3 scimitar "Heluh" {drain, Int+4}
 13512 | Lair:1   | Received a gift from Okawaru
 14093 | Lair:2   | Noticed a catoblepas
 14121 | Lair:2   | Killed a catoblepas
 14518 | Lair:2   | Found the +7 staff of the Meek {protect, meekguard}
 14527 | Lair:2   | Noticed a boulder beetle
 14533 | Lair:2   | Noticed a skyshark
 14582 | Lair:2   | Killed a skyshark
 14586 | Lair:2   | Killed a boulder beetle
 14808 | Lair:2   | Found a hole to the Spider Nest.
 14809 | Lair:2   | Noticed a boulder beetle
 14866 | Lair:2   | Killed a boulder beetle
 15232 | Lair:2   | Reached XP level 13. HP: 60/86 MP: 13/13
 15386 | Lair:2   | Identified the +8 plate armour of Ofoidun {+Inv SInv
                  | Stlth+} (Okawaru gifted it to you on level 2 of the Lair of
                  | Beasts)
 15386 | Lair:2   | Received a gift from Okawaru
 16064 | Lair:3   | Found a staircase to the Shoals.
 16511 | Lair:3   | Found a runed translucent door.
 17863 | Lair:5   | Entered Level 5 of the Lair of Beasts
 18155 | Lair:5   | Found a viscous altar of Jiyva.
 18159 | Lair:5   | Found a staircase to the Slime Pits.
 18706 | Lair:5   | Identified the +7 ring mail of Okawaru's Vengeance {Str+4
                  | SInv} (Okawaru gifted it to you on level 5 of the Lair of
                  | Beasts)
 18706 | Lair:5   | Received a gift from Okawaru
 19143 | Lair:5   | Gained mutation: Your large and strong wings let you fly.
                  | [Gargoyle growth]
 19143 | Lair:5   | Reached XP level 14. HP: 86/94 MP: 14/14
 19841 | Lair:5   | Identified the ring of Ruvuecw {rElec rN+ MP+9 SInv Stlth-}
 19914 | Lair:5   | Found the +2 pair of slick slippers {slick, slippery, EV+5}
 20326 | Lair:3   | Found a runed translucent gate.
 20326 | Lair:3   | Found a runed translucent gate.
 20326 | Lair:3   | Found a runed translucent gate.
 20326 | Lair:3   | Found a runed translucent gate.
 20326 | Lair:3   | Found a runed translucent gate.
 20326 | Lair:3   | Found a runed translucent gate.
 20452 | Lair:3   | Identified the ring "Xoczusos" {Fire rN++ Will+ Str-4
                  | Stlth+}
 20735 | D:9      | Killed necrobotica's ghost
 20952 | Orc:1    | Entered Level 1 of the Orcish Mines
 20960 | Orc:1    | Identified the +2 eveningstar of Plunder {flame, rElec
                  | Str-5 Int+3 Stlth+} (Okawaru gifted it to you on level 1 of
                  | the Orcish Mines)
 20960 | Orc:1    | Received a gift from Okawaru
 21027 | Orc:1    | Found a frozen archway.
 21045 | IceCv    | Entered an ice cave
 21304 | IceCv    | Found a transporter.
 21323 | IceCv    | Found a transporter.
 21662 | Orc:2    | Entered Level 2 of the Orcish Mines
 21690 | Orc:2    | Noticed an orc warlord
 21745 | Orc:1    | Killed an orc warlord
 22655 | Orc:2    | Found Ogefuir's Armour Boutique.
 22960 | Orc:2    | Found a staircase to the Elven Halls.
 23055 | Orc:2    | Received a gift from Okawaru
 23606 | Orc:2    | Noticed Saint Roka
 23924 | Orc:2    | Identified the +6 plate armour of Lirao {rN+ Int+3}
                  | (Okawaru gifted it to you on level 2 of the Orcish Mines)
 23924 | Orc:2    | Received a gift from Okawaru
 24244 | Orc:2    | Reached XP level 15. HP: 62/101 MP: 15/15
 24523 | Orc:2    | Slain by Saint Roka

Illustrated notes

.#. .. . .. ..
.# ... .##....
#######.......
##.............
.......@.......
...#####...#...
##..... ....
... #.


Turn 1217 on D:3: yay!

Levels and vault maps discovered:
D:1:      erik_arrival_cave_to_civilisation [erik_arrival_cave_to_hall],
          layout_basic, serial_shops, nicolae_shop_advertising_works
          [nicolae_subvault_shop_adworks], chequers_ecumenical_altar_lobes,
          st_stairs_12, roderic_roman_lattice
D:2:      layout_loops_corners
D:3:      layout_rooms, okawaru_trees_2, kennysheep_pointless_box, minivault_23
D:4:      layout_loops_ring, gup_ossuary_entry_pyramid, serial_bayou,
          serial_bayou_lagoon_a, serial_bayou_shore_b, serial_bayou_pond_e,
          serial_bayou_pond_e
D:5:      layout_basic, nicolae_qazlal_eye_of_the_storm,
          dancing_weapons_uskayaw, demons_altar, minmay_temple_entry_large_hall
D:6:      layout_rooms, overflow_temple_1_default, uniq_eustachio
D:7:      layout_loops_cross, nicolae_vehumet_radiance, lemuel_tele_altar
D:8:      layout_loops_ring, mainiacjoe_overflow_catwalk,
          mainiacjoe_overflow_divided_tiny, serial_bayou_pond_d,
          chequers_hall_statues_corner_a, roderic_lattice_a
D:9:      layout_basic, general_overflow_altar
D:10:     layout_roguey, elyvilon_altar_4, nemelex_diamond_rough_becter,
          ebering_ghost_funeral_grove
D:11:     layout_loops_ring, grunt_lair_entry_orc_guard_hut, erik_orc_4,
          grunt_dithmenos_smoke_and_mirrors
Lair:1:   layout_gridlike, roderic_batcave, serial_bayou_pond_e,
          chequers_serial_rivers_micro_d, serial_bayou_pond_a
Lair:2:   layout_roguey, nicolae_spider_entry_non_spiders,
          infiniplex_staircase_pool
Lair:3:   gammafunk_indiana_jones, layout_small_grid, elwin_shoals_entry_rocks
Lair:4:   layout_gridlike
Lair:5:   evilmike_catoblepas_cave, layout_layer_cave, slime_entry_1,
          grunt_megastairs_2, infiniplex_staircase_pool_2
Orc:1:    layout_caves, portal_ice_cave_entry_ice_simulacra
Orc:2:    grunt_orc_community_town_hall, layout_diamond_mine,
          grunt_orc_community_big_house_2, grunt_orc_community_big_house_2,
          grunt_orc_community_house_3, grunt_orc_community_house_3,
          grunt_orc_community_house_1, grunt_orc_community_house_3

Skill      XL: |  1  2  3  4  5  6  7  8  9 10 11 12 13 14 |
---------------+-------------------------------------------+-----
Fighting       | 4 5 6 8 9 10 12 13 14 | 14.6
Shields        | 4 5 6 8 9 10 12 13 14 | 14.7
Armour         | 4 5 6 8 9 10 12 13 14 | 14.6
Maces & Flails | 3 4 5 7 8 9 11 12 13 | 13.3

Action                     |  1- 3 |  4- 6 |  7- 9 | 10-12 | 13-15 || total
---------------------------+-------+-------+-------+-------+-------++-------
  Melee: Flail             |   139 |   217 |   104 |       |       ||   460
         Morningstar       |       |       |   337 |   782 |  1284 ||  2403
  Throw: Dart              |       |       |       |     1 |     2 ||     3
 Invoke: Heroism           |       |       |       |     7 |    10 ||    17
         Finesse           |       |       |       |     3 |       ||     3
    Use: Scroll            |       |     7 |    10 |     7 |     2 ||    26
         Potion            |       |       |       |     1 |    14 ||    15
   Stab: Petrified         |       |       |       |     5 |    14 ||    19
         Petrifying        |       |       |       |       |     1 ||     1
 Armour: Scale mail        |   102 |   179 |    83 |       |       ||   364
         Chain mail        |       |       |   280 |   312 |       ||   592
         Plate armour      |       |       |       |   161 |   725 ||   886
  Dodge: Dodged            |    99 |   133 |   220 |   312 |   383 ||  1147
  Block: Buckler           |    50 |    55 |   154 |    92 |       ||   351
         Kite shield       |       |       |       |    34 |       ||    34
         Tower shield      |       |       |       |   360 |  1337 ||  1697

Table legend: (Time is in decaauts)
 A = Elapsed time spent in this place.
 B = Non-inter-level travel time spent in this place.
 C = Inter-level travel time spent in this place.
 D = Time resting spent in this place.
 E = Time spent auto-exploring this place.
 F = Levels seen in this place.
 G = Mean time per level.
                   A        B        C        D        E       F      G
               +--------+--------+--------+--------+--------+-----+--------+
         Total |  25012 |  23780 |   1232 |   4660 |  12974 |  20 | 1250.6 |
       Dungeon |  13452 |  12683 |    769 |   2376 |   7220 |  11 | 1222.9 |
          Lair |   7501 |   7123 |    378 |    950 |   4560 |   5 | 1500.2 |
  Orcish Mines |   3053 |   2969 |     84 |   1061 |    839 |   2 | 1526.5 |
       Ossuary |    631 |    631 |      0 |      0 |    355 |   1 |  631.0 |
      Ice Cave |    373 |    373 |      0 |    273 |      0 |   1 |  373.0 |
               +--------+--------+--------+--------+--------+-----+--------+

Top non-repeatable levels by time:
   Orc:2: 2222 daAuts
  Lair:5: 2187 daAuts
    D:10: 1938 daAuts
  Lair:2: 1749 daAuts
     D:9: 1621 daAuts
  Lair:3: 1556 daAuts
     D:5: 1547 daAuts
    D:11: 1537 daAuts
     D:8: 1448 daAuts
     D:1: 1165 daAuts
     D:2: 1139 daAuts
  Lair:4: 1119 daAuts
     D:7: 1004 daAuts
  Lair:1: 889 daAuts
   Orc:1: 831 daAuts
